cohdb
Replays
Latest Replays
All Replays
Popular Replays
Top Player Replays
Match Explorer
How It Works
Community
CoH3 Stats
Reddit
Sign in to upload your games and track your stats! →
Sign in with Steam
Match 43069818
Unlisted
Match 43069818
Overview
Messages
Build Orders
End
Panzergrenadier Squad
Panzergrenadier Squad
250 Light Carrier
Construct Light Support Kompanie
Panzerjäger Squad
Combat Half-tracks
Fire Support Elements
2.5-tonne Medical Truck
le.IG 18 Mechanized Group
Construct Panzerarmee Kommand
Walking Stuka Rocket Launcher
Veteran Squad Leaders
Selects Panzerjäger Kommand Battlegroup
Selects Panzerjäger Kommand Battlegroup
Selects Panzerjäger Kommand Battlegroup
Selects Blockade Equipment
Selects Tank Busters
Selects Crew Shock Tactics
Armored Reserves
Panzer IV Assault Group
Panzerjäger Squad
Tiger Heavy Tank
Rapid Advance
Selects Anti-tank Overwatch
Selects Elefant Tank Destroyer
Selects Mine Fields
Emergency Repair Kits
Vehicle Survival Package
敏捷的胖子
圣战士阿凡提
栋栋Kimtung
vincent
blackwolf
Sam
tubagznyven
祈鱼
0
0
Comments
sign in to comment!
No comments posted yet!